eatus, chaotic male human Rogue --------- |......<| ------------ |........##########|..........| -------------- |.......| |..........| |............| |.....{.| |..........| ##-............| |.......| #|..........| # ----.--------- -----|--- ##...........-#### # ### ##------------ # # #### # ### # ### -------------- # ### # |@(%..f[?(*?[| `########## # ## ##-..%!%m?"%?%)| ------|--# ---|--- # |.[*)@!?*)()%| |).......# |..(..| ### -------------- |......^| +.....| # |....)>.| |...>..### |.(.....| |.....| --------- |...`.| ------- eatus the Cutpurse Experience level: 3 Strength: 18/04 Dexterity: 15 Constitution: 12 Intelligence: 11 Wisdom: 7 Charisma: 9 Health: 0(21) Energy: 9(9) Def: 3 Gold: 520 Moves: 1402 Dungeon seed: BUZqI3Ie1mZFZXN3 Game ID: eatus_1528892627 Your Inventory: Coins $ - 520 gold pieces Weapons a - a +0 short sword (weapon in hand) b - 7 +0 daggers (in quiver) i - a +0 boomerang Armor e - a blessed +1 leather armor (being worn) Comestibles o - an uncursed fortune cookie r - an uncursed egg u - 2 uncursed food rations Scrolls p - an uncursed scroll of enchant weapon Spellbooks h - an uncursed spellbook of protection q - an uncursed spellbook of extra healing Potions c - an uncursed potion of sickness m - an uncursed potion of water Tools d - an uncursed lock pick f - an uncursed sack Spells and supernatural/magical abilities: Name Level Category Fail Memory p - protection 1 clerical 44% 94% x - extra healing 3 healing 100% 99% W - pray for help -- divine ? -- Your skills at the end: Fighting Skills Weapon Skills dagger [Basic] short sword [Basic] Spellcasting Skills Final Attributes: You were piously aligned. You were stealthy. You were held by a giant mimic. You are dead. Vanquished creatures: 2 giant rats a green mold 2 geckos 6 jackals 2 kobolds 2 goblins 2 sewer rats 5 grid bugs 2 lichens a kobold zombie 6 newts 31 creatures vanquished. Voluntary challenges: You used a wielded weapon 23 times, starting on turn 47. You read items or engraved 17 times, starting on turn 31. You never genocided any monsters. You never polymorphed an object. You never changed form. You used no wishes. You never split a pudding. You never wrote Elbereth's name. You never violated your personal moral code. Dungeon overview: The Dungeons of Doom: levels 1 to 4 Level 1 an altar to Kos a long staircase Level 2 an altar to Kos Level 3 <- You were here a general store, a fountain a long staircase Level 4 History has recorded: On T:1 you entered the Dungeons of Doom to retrieve the Amulet of Yendor! On T:294 you reached level 2 of The Dungeons of Doom. On T:938 you advanced to experience level 2. On T:1108 you reached level 3 of The Dungeons of Doom. On T:1329 you reached level 4 of The Dungeons of Doom. On T:1330 you advanced to experience level 3. Score breakdown: Gold: 520 ( 9241 points) Experience: 3 levels ( 7878 points) Exploration: 4 levels ( 8.00%) ( 7423 points) Discoveries: 6 items ( 2.01%) ( 4256 points) Valuables value: (no points given unless you survive) Artifact value: 0 ( 0 points) Variety of kills: 11 monsters ( 2.89%) ( 5097 points) Turncount: 1402 turns ( 0 points) Survival: died (score multiplied by 80%) Total score: 27116 Latest messages: u - 2 food rations (unpaid, 120 zorkmids). <2 food rations for 120 zorkmids. Pay? [yn]: y> You bought 2 food rations for 120 gold pieces. "Thank you for shopping in Sipaliwini's general store!" Azog picks up a food ration. Azog eats a tripe ration. You see here a pick-axe (66 zorkmids). Azog misses the lichen. Azog drops a food ration. Azog bites the lichen. The lichen is killed! Azog picks up a food ration. You see here a pair of walking shoes (10 zorkmids). You see here 6 rocks (36 zorkmids). You see here a two-handed sword (66 zorkmids). Azog drops a food ration. You see here a milky potion (133 zorkmids). There are a few objects here. You think there's a mimic there. Azog picks up a food ration. Azog drops a food ration. You see here a leather armor (6 zorkmids). You miss it. The giant mimic hits! (2x) You die... Sipaliwini gratefully inherits all your possessions. Final status: Goodbye eatus the Rogue, killed by a giant mimic... You died in The Dungeons of Doom on dungeon level 3 with 27116 points, and 520 pieces of gold, after 1402 moves. You were level 3 with a maximum of 21 hit points when you died.